 Dungeon Crawl Stone Soup version 0.32-a0-290-g598725c5f2 (webtiles) character file.

Game seed: 8810586082906820553

77 zazu2006 the Basher (level 4, 0/32 HPs)
             Began as a Gnoll Wanderer on Feb 14, 2024.
             Slain by an iguana (12 damage)
             ... on level 4 of the Dungeon.
             The game lasted 00:03:19 (547 turns).

zazu2006 the Basher (Gnoll Wanderer)                 Turns: 547, Time: 00:03:20

Health: 0/32       AC:  4    Str: 12    XL:     4   Next: 34%
Magic:  13/13      EV: 11    Int: 11    God:
Gold:   18         SH:  0    Dex: 13    Spells: 16/17 levels left

rFire   . . .        i - +2 flail (drain)
rCold   . . .        (no shield)
rNeg    . . .        d - +0 leather armour
rPois   .            (no helmet)
rElec   .            (no cloak)
rCorr   .            b - +0 pair of gloves
SInv    .            (no boots)
Will    .....        (no amulet)
Stlth   +++          (no ring)
HPRegen 0.25/turn    (no ring)
MPRegen 0.13/turn

%: no passive effects
@: no status effects
A: fangs 1, strong nose, distributed training
a: no special abilities


You were on level 4 of the Dungeon.
You visited 1 branch of the dungeon, and saw 4 of its levels.

You collected 18 gold pieces.

Inventory:

Hand Weapons
 a - a +2 mace
 i - a +2 flail of draining (weapon)
Armour
 b - a +0 pair of gloves (worn)
 d - a +0 leather armour (worn)
Scrolls
 e - 2 scrolls of identify {unknown}
 g - a scroll of fear {unknown}
 h - a scroll of immolation {unknown}
 j - a scroll of blinking {unknown}
 k - a scroll of noise {unknown}
 n - a scroll of fog {unknown}
Potions
 c - 2 potions of attraction
 f - a potion of ambrosia {unknown}
 l - a potion of degeneration {unknown}
 m - a potion of heal wounds {unknown}


   Skills:
 + Level 1.1 Fighting
 + Level 1.1 Short Blades
 + Level 1.1 Long Blades
 + Level 1.1 Axes
 + Level 8.5 Maces & Flails
 + Level 1.1 Polearms
 + Level 1.1 Staves
 + Level 1.1 Ranged Weapons
 + Level 1.1 Throwing
 + Level 1.1 Armour
 + Level 1.1 Dodging
 + Level 6.0 Stealth
 + Level 1.1 Shields
 + Level 1.1 Unarmed Combat
 + Level 7.2 Spellcasting
 + Level 0.9 Conjurations
 + Level 0.9 Hexes
 + Level 0.9 Summonings
 + Level 0.9 Necromancy
 + Level 0.9 Translocations
 + Level 0.9 Fire Magic
 + Level 0.9 Ice Magic
 + Level 0.9 Air Magic
 + Level 0.9 Earth Magic
 + Level 0.9 Alchemy
 + Level 1.2 Invocations
 + Level 1.1 Evocations
 + Level 1.0 Shapeshifting


You had 16 spell levels left.
You knew the following spells:

 Your Spells              Type           Power      Damage    Failure   Level
a - Slow                  Hex            24%        N/A       16%         1

Your spell library contained the following spells:

 Spells                   Type           Power      Damage    Failure   Level
 Confusing Touch          Hex            6%         N/A       41%         3
 Hailstorm                Conj/Ice       6%         3d5       41%         3
 Summon Ice Beast         Ice/Summ       6%         N/A       41%         3
 Sculpt Simulacrum        Ice/Alch       3%         N/A       100%        6


Dungeon Overview and Level Annotations

Branches:
Dungeon (4/15)
 Temple: D:4-7

Altars:
Cheibriados
Nemelex Xobeh


Innate Abilities, Weirdness & Mutations

You have very sharp teeth.
Your uncanny sense of smell can sniff out nearby items.
Your experience applies equally to all skills.


Message History

The jackal is severely wounded.
The jackal bites you but does no damage.
The jackal bites you. x2
The jackal attacks as it pursues you! The jackal barely misses you.
You sock the jackal!
You kill the jackal!
You hit the jackal but do no damage.
The jackal is heavily wounded.
A jackal comes into view.
The jackal bites you but does no damage.
You barely miss the jackal.
The jackal is heavily wounded.
The jackal misses you.
You hit the jackal.
You kill the jackal!
You closely miss the iguana. You bite the iguana, but do no damage.
The iguana misses you.
You barely miss the iguana.
The iguana bites you but does no damage.
You barely miss the iguana.
The iguana bites you but does no damage.
You hit the iguana.
The iguana is lightly wounded.
The iguana closely misses you.
You hit the iguana.
The iguana is moderately wounded.
The iguana bites you!
You closely miss the iguana.
The iguana is moderately wounded.
The iguana misses you.
You closely miss the iguana.
The iguana is moderately wounded.
The iguana misses you.
You hit the iguana but do no damage. You bite the iguana, but do no damage.
The iguana is moderately wounded.
The iguana bites you!
You sock the iguana!
The iguana is almost dead.
The iguana bites you!
You die...

....
#######....
#......l...
#..........
##.......#
#....# #.##h#
#.##l# #.##@#
#.##.# #.##.#
#.##>. ∆ #.##.#
#.##)# .# ∆
#.##..#.#
#######.###.#.#
#.#
#.......###.#.#
#.# #


You could see an iguana and a jackal.

Vanquished Creatures
  An iguana (D:4)
  A ribbon worm (D:2)
  2 dart slugs
  A ball python (D:4)
  4 endoplasms
  2 goblins (D:2)
  A hobgoblin (D:4)
  4 jackals
  3 kobolds
  3 quokkas
  A bat (D:1)
  A frilled lizard (D:3)
  A rat (D:3)
25 creatures vanquished.

Notes
Turn   | Place    | Note
-------+----------+-------------------------------------------
     0 | D:1      | zazu2006 the Gnoll Wanderer began the quest for the Orb.
     0 | D:1      | zazu2006 set off with the following items: a +2 mace, a +0
                  | pair of gloves, a potion of attraction, a +0 leather
                  | armour; and the following spell memorised: Slow; and the
                  | following spells available to memorise: Confusing Touch.
     0 | D:1      | Reached XP level 1. HP: 13/13 MP: 8/8
   100 | D:1      | Reached XP level 2. HP: 13/20 MP: 10/10
   169 | D:2      | Reached XP level 3. HP: 21/25 MP: 11/11
   348 | D:3      | Reached skill level 1 in Invocations
   405 | D:3      | Found a sparkling altar of Nemelex Xobeh.
   413 | D:3      | Found a snail-covered altar of Cheibriados.
   488 | D:4      | Reached skill level 1 in Fighting
   488 | D:4      | Reached skill level 1 in Short Blades
   488 | D:4      | Reached skill level 1 in Long Blades
   488 | D:4      | Reached skill level 1 in Axes
   488 | D:4      | Reached skill level 1 in Polearms
   488 | D:4      | Reached skill level 1 in Staves
   488 | D:4      | Reached skill level 1 in Ranged Weapons
   488 | D:4      | Reached skill level 1 in Throwing
   488 | D:4      | Reached skill level 1 in Armour
   488 | D:4      | Reached skill level 1 in Dodging
   488 | D:4      | Reached skill level 1 in Shields
   488 | D:4      | Reached skill level 1 in Unarmed Combat
   488 | D:4      | Reached skill level 1 in Evocations
   504 | D:4      | Reached skill level 1 in Shapeshifting
   504 | D:4      | Reached XP level 4. HP: 29/32 MP: 13/13
   547 | D:4      | Slain by an iguana

Illustrated notes

Levels and vault maps discovered:
D:1:      heliophobic_arrival_battle_scene, layout_rooms,
          hangedman_decor_riveting
D:2:      layout_basic, hellmonk_ecumenical_altar_leap_of_faith, uniq_sigmund
D:3:      layout_basic, mainiacjoe_overflow_big_doors, kennysheep_nub
D:4:      layout_basic, fedhas_altar_2, serial_shops, shop, lemuel_flame_loot_1

Skill      XL: |  1  2  3 |
---------------+----------+-----
Stealth        | 6 |  6.0
Invocations    | 1 |  1.2
Fighting       | 1 |  1.1
Short Blades   | 1 |  1.1
Long Blades    | 1 |  1.1
Axes           | 1 |  1.1
Polearms       | 1 |  1.1
Staves         | 1 |  1.1
Ranged Weapons | 1 |  1.1
Throwing       | 1 |  1.1
Armour         | 1 |  1.1
Dodging        | 1 |  1.1
Shields        | 1 |  1.1
Unarmed Combat | 1 |  1.1
Evocations     | 1 |  1.1
Shapeshifting  | 1 |  1.0
Maces & Flails | |  8.5
Spellcasting   | |  7.2
Conjurations   | |  0.9
Hexes          | |  0.9
Summonings     | |  0.9
Necromancy     | |  0.9
Translocations | |  0.9
Fire Magic     | |  0.9
Ice Magic      | |  0.9
Air Magic      | |  0.9
Earth Magic    | |  0.9
Alchemy        | |  0.9

Action                     |  1- 3 |  4- 6 || total
---------------------------+-------+-------++-------
  Melee: Mace              |    31 |       ||    31
         Bite              |     5 |     2 ||     7
         Flail             |    14 |    15 ||    29
   Stab: Sleeping          |     5 |       ||     5
 Armour: Leather armour    |    19 |    11 ||    30
  Dodge: Dodged            |    14 |     6 ||    20

Table legend: (Time is in decaauts)
 A = Elapsed time spent in this place.
 B = Non-inter-level travel time spent in this place.
 C = Inter-level travel time spent in this place.
 D = Time resting spent in this place.
 E = Time spent auto-exploring this place.
 F = Levels seen in this place.
 G = Mean time per level.
                   A        B        C        D        E       F      G
               +--------+--------+--------+--------+--------+-----+--------+
         Total |    544 |    466 |     78 |      0 |    100 |   4 |  136.0 |
       Dungeon |    544 |    466 |     78 |      0 |    100 |   4 |  136.0 |
               +--------+--------+--------+--------+--------+-----+--------+

Top non-repeatable levels by time:
     D:3: 188 daAuts
     D:2: 153 daAuts
     D:1: 111 daAuts
     D:4: 90 daAuts
